 Dungeon Crawl Stone Soup version 0.25-a0-479-g8579842fd4 (console) character file.

Game seed: 17619907917307622644, levelgen mode: deterministic

10332 utis the Protected (level 11, -4/70 (71) HPs)
             Began as a Tengu Wanderer on Feb 9, 2020.
             Killed from afar by a gargoyle (20 damage)
             ... with a stone arrow
             ... on level 11 of the Dungeon.
             The game lasted 00:31:46 (14330 turns).

utis the Protected (Tengu Wanderer)                Turns: 14330, Time: 00:31:47

HP:   -4/70 (71)    AC: 20    Str: 18    XL:     11   Next: 60%
MP:   15/15         EV: 15    Int: 12    God:
Gold: 704           SH:  0    Dex: 12    Spells: 10/10 levels left

rFire    . . .     SeeInvis .   Q - +0 halberd
rCold    . . .     Gourm    .   (shield currently unavailable)
rNeg     . . .     Faith    .   o - +1 plate armour
rPois    +         Spirit   .   (helmet restricted)
rElec    .         Reflect  .   J - +2 cloak
rCorr    .         Harm     .   K - +0 pair of gloves
MR       .....                  (boots unavailable)
Stlth    ..........             L - amulet of magic regeneration {@e1}
HPRegen  0.21/turn              P - ring of poison resistance
MPRegen  0.39/turn              E - +4 ring of evasion

@: flying quickly and evasively, quick
A: beak, talons 3, able to fly
a: Stop Flying


You were on level 11 of the Dungeon.
You were very hungry.

You visited 1 branch of the dungeon, and saw 11 of its levels.
You also visited: Bailey.

You collected 704 gold pieces.

Inventory:

Hand Weapons
 a - a +2 whip of electrocution
 b - a +0 hand crossbow
 g - a +3 hand axe
 N - a +2 spear
 O - a +0 spear
 Q - a +0 halberd (weapon)
 U - a +1 flail of holy wrath
Missiles
 c - 84 bolts
 q - 541 stones (quivered)
 B - 8 javelins
 R - 7 throwing nets {=f}
 T - 18 boomerangs
Armour
 o - a +1 plate armour (worn)
 J - a +2 cloak (worn)
 K - a +0 pair of gloves (worn)
Jewellery
 p - a +4 ring of strength
 E - a +4 ring of evasion (right hand)
 L - an amulet of magic regeneration (around neck) {@e1}
 P - a ring of poison resistance (left hand)
 W - an uncursed ring of magical power
 Z - an uncursed ring of wizardry
Wands
 r - a wand of polymorph (9)
 y - a wand of digging (8)
 A - a wand of iceblast (15)
 I - a wand of random effects (16)
Scrolls
 h - 3 scrolls of teleportation {@r4}
 j - 3 scrolls of remove curse {@r2}
 l - 3 scrolls of identify {@r1}
 m - 3 scrolls of amnesia
 n - 2 scrolls of blinking
 t - 2 scrolls of fear
 u - a scroll of immolation {unknown}
 v - a scroll of magic mapping
 w - a scroll of noise {unknown}
 C - 2 scrolls of enchant weapon
 D - a scroll of enchant armour
 V - a scroll of acquirement {unknown}
 Y - a scroll of summoning {unknown}
Potions
 d - 9 potions of curing {@q1}
 i - a potion of resistance
 s - a potion of ambrosia
 x - 3 potions of lignification
 z - a potion of mutation {!q}
 F - a potion of might
 G - a potion of heal wounds {@q2}
 H - a potion of agility
 M - 3 potions of brilliance
Miscellaneous
 S - a fan of gales
Comestibles
 f - 20 rations {@e1}


   Skills:
 + Level 9.2 Fighting
 * Level 4.1 Maces & Flails
 - Level 8.9 Polearms
   Level 1.1 Bows
 + Level 10.1 Armour
 + Level 8.6 Dodging
   Level 2.0 Shields
 - Level 5.1 Evocations


You had 10 spell levels left.
You didn't know any spells.
Your spell library contained the following spells:

 Spells                   Type           Power        Failure   Level  Hunger
 Animate Skeleton         Necr           N/A          100%        1    ##.....
 Apportation              Tloc           #.....       100%        1    ##.....
 Infusion                 Chrm           #...         100%        1    ##.....
 Sting                    Tmut/Pois      #...         100%        1    ##.....
 Summon Butterflies       Summ           #.......     100%        1    ##.....
 Shroud of Golubria       Chrm/Tloc      #.....       100%        2    ###....
 Song of Slaying          Chrm           #.......     100%        2    ###....
 Confusing Touch          Hex            #.......     100%        3    ####...
 Gell's Gravitas          Tloc           #.........   100%        3    ####...
 Ozocubu's Armour         Chrm/Ice       #.......     100%        3    ####...
 Spectral Weapon          Hex/Chrm       #.......     100%        3    ####...
 Petrify                  Tmut/Erth      #.......     100%        4    #####..
 Bolt of Magma            Conj/Fire/Erth #.........   100%        5    ######.
 Iskenderun's Battlesphe  Conj/Chrm      #.......     100%        5    ######.
 Metabolic Englaciation   Hex/Ice        #.........   100%        5    ######.
 Yara's Violent Unravell  Hex/Tmut       #.........   100%        5    ######.
 Iron Shot                Conj/Erth      #.........   100%        6    #######
 Orb of Destruction       Conj           #.........   100%        7    #######
 Spellforged Servitor     Conj/Summ      #.........   100%        7    #######


Dungeon Overview and Level Annotations

Branches:
Dungeon (11/15)            Temple (0/1) D:7            Lair (0/6) D:8
    Orc (0/2) D:10         Bailey (visited)

Altars:
Ashenzari
Dithmenos
Hepliaklqana
Kikubaaqudgha
Makhleb
Nemelex Xobeh
Trog
Wu Jian
Xom
The Shining One

Shops:
D:7 *

Annotations:
D:3 2 transporters


Innate Abilities, Weirdness & Mutations

You have a beak for a mouth.
You have claws for feet.
You can fly continuously.


Message History

You hit the gargoyle but do no damage. Your kick misses the gargoyle.
The gargoyle is severely damaged.
The gargoyle hurls a stone arrow at you.
The stone arrow hits you!
* * * LOW HITPOINT WARNING * * *
You barely miss the gargoyle.
The gargoyle is severely damaged.
The gargoyle hits you but does no damage.
You barely miss the gargoyle. You claw the gargoyle.
The gargoyle is severely damaged.
The gargoyle barely misses you.
You barely miss the gargoyle. Your kick misses the gargoyle.
Your peck misses the gargoyle.
The gargoyle is severely damaged.
The gargoyle misses you.
You hit the gargoyle but do no damage. Your kick misses the gargoyle.
The gargoyle is severely damaged.
The gargoyle hurls a stone arrow at you.
The stone arrow hits you!!
You die...

.........░ ░..........░
....)....░ ░..........░
.........░ ░..........░░░░░░
.........░ ░................
.........░ ░....[..>........
.........░░░░................
.............................
............9................
........░░░░Q................
........░ ░.................
........░ ░.................
........░ ░[.........
........░ ░.........
...➘....░ ░........ .......
░........ ░..░░░░░░ ░..░


You could see a gargoyle.

Vanquished Creatures
  2 two-headed ogres (D:9)
  Pikel (D:9)
  An ugly thing (D:9)
  Joseph (D:10)
  A troll (D:10)
  2 hippogriffs
  A spriggan (D:10)
  A shadow (D:10)
  2 hungry ghosts
  3 wargs (D:8)
  A water moccasin (D:7)
  4 orc warriors
  2 sky beasts
  A black bear (D:9)
  An eye of draining (D:10)
  5 ice beasts
  A necrophage (D:7)
  5 ogres
  5 phantoms
  2 centaurs
  A crocodile (D:10)
  A big kobold (D:8)
  6 bullfrogs
  8 gnoll sergeants (Bailey)
  A scorpion (D:6)
  3 troll zombies (D:10)
  3 killer bees (D:8)
  8 wights (D:10)
  4 howler monkeys
  4 crimson imps
  A jelly (D:9)
  2 centaur zombies
  2 bullfrog skeletons
  6 gnoll shamans (Bailey)
  9 orc priests
  A centaur skeleton (D:4)
  8 hounds
  9 orc wizards
  Crazy Yiuf (D:7)
  An iguana (D:7)
  Ijyb (D:3)
  3 worker ants
  3 ogre zombies (D:10)
  3 worker ant zombies (D:10)
  23 gnolls
  8 adders
  A shadow imp (D:5)
  2 oozes (D:2)
  An adder skeleton (D:6)
  A worm (D:5)
  3 dart slugs
  2 leopard geckos (D:3)
  46 orcs
  5 giant cockroaches
  15 goblins
  11 hobgoblins
  17 jackals
  10 kobolds
  5 quokkas
  2 ball pythons (D:4)
  11 bats
  6 frilled lizards
  2 goblin skeletons (D:10)
  A hobgoblin skeleton (D:10)
  2 orc skeletons (D:10)
  14 orc zombies (D:10)
  12 rats
331 creatures vanquished.

Vanquished Creatures (others)
  A slave (D:9)
  A crimson imp (D:11)
  An orc wizard (D:8)
3 creatures vanquished.

Grand Total: 334 creatures vanquished

Notes
Turn   | Place    | Note
-------+----------+-------------------------------------------
     0 | D:1      | utis the Tengu Wanderer began the quest for the Orb.
     0 | D:1      | utis set off with the following items: a +2 spear, a +0
                  | hand crossbow, 24 bolts, a potion of curing {@q1}, a +0
                  | robe, a ration {@e1}
     0 | D:1      | Reached XP level 1. HP: 14/14 MP: 2/2
   314 | D:1      | Reached XP level 2. HP: 19/19 MP: 3/3
  1012 | D:1      | Reached XP level 3. HP: 23/23 MP: 4/4
  1432 | D:2      | Reached XP level 4. HP: 28/28 MP: 5/5
  1569 | D:2      | Reached skill level 2 in Armour
  1764 | D:2      | Gained mutation: You can fly continuously. [Tengu growth]
  1764 | D:2      | Reached XP level 5. HP: 22/33 MP: 6/6
  2138 | D:3      | Found a hazy altar of Hepliaklqana.
  2247 | D:3      | Reached skill level 3 in Armour
  2250 | D:3      | Noticed Ijyb
  2274 | D:3      | Killed Ijyb
  2430 | D:3      | Noticed an ogre
  2440 | D:3      | Killed an ogre
  2440 | D:3      | Reached skill level 4 in Armour
  2440 | D:3      | Reached XP level 6. HP: 36/39 MP: 7/7
  2515 | D:3      | Found a transporter.
  2765 | D:3      | Found a transporter.
  3057 | D:4      | Found an ornate altar of the Wu Jian Council.
  3059 | D:4      | Found a shattered altar of Ashenzari.
  3060 | D:4      | Found a burning altar of Makhleb.
  3061 | D:4      | Found a shimmering altar of Xom.
  3061 | D:4      | Found an ancient bone altar of Kikubaaqudgha.
  3061 | D:4      | Found a sparkling altar of Nemelex Xobeh.
  3062 | D:4      | Found a bloodstained altar of Trog.
  3176 | D:4      | Reached skill level 5 in Armour
  3176 | D:4      | Reached XP level 7. HP: 24/44 MP: 8/8
  4099 | D:5      | Entered Level 5 of the Dungeon
  4271 | D:5      | Reached skill level 5 in Fighting
  4360 | D:5      | Reached skill level 5 in Polearms
  4906 | D:5      | Reached skill level 6 in Armour
  4906 | D:5      | Reached XP level 8. HP: 37/50 MP: 9/9
  5017 | D:5      | Found a bloodstained altar of Trog.
  5607 | D:6      | Reached skill level 1 in Evocations
  6985 | D:7      | Found a glowing golden altar of the Shining One.
  7037 | D:7      | Found a staircase to the Ecumenical Temple.
  7088 | D:7      | Reached skill level 5 in Evocations
  7289 | D:7      | Reached XP level 9. HP: 47/55 MP: 13/13
  7530 | D:7      | Found an ornate altar of the Wu Jian Council.
  7796 | D:7      | Reached skill level 7 in Armour
  7941 | D:7      | Found Sotronal's Assorted Antiques.
  7963 | D:7      | Found a runed translucent door.
  7964 | D:7      | Noticed Crazy Yiuf
  8077 | D:7      | ooops
  8121 | D:7      | Killed Crazy Yiuf
  8433 | D:8      | Found a flagged portal.
  8443 | Bailey   | Entered a bailey
  8496 | Bailey   | Reached skill level 5 in Dodging
  9131 | Bailey   | Reached XP level 10. HP: 53/62 MP: 14/14
  9377 | D:8      | Reached skill level 8 in Armour
 10282 | D:8      | Found a staircase to the Lair.
 11202 | D:8      | Found a glowing golden altar of the Shining One.
 11352 | D:9      | Found a shadowy altar of Dithmenos.
 11559 | D:9      | Noticed Pikel
 11576 | D:9      | Noticed a two-headed ogre
 11582 | D:9      | Killed Pikel
 11589 | D:9      | Killed a two-headed ogre
 11589 | D:9      | Reached skill level 9 in Armour
 11989 | D:9      | Noticed a white ugly thing
 12003 | D:9      | Killed a white ugly thing
 12003 | D:9      | Reached XP level 11. HP: 68/68 MP: 15/15
 12105 | D:9      | Identified Ureo's Thaumaturgy, Part One
 12342 | D:10     | Entered Level 10 of the Dungeon
 12361 | D:10     | Noticed a two-headed ogre
 12378 | D:9      | Killed a two-headed ogre
 12481 | D:10     | Reached skill level 1 in Maces & Flails
 13090 | D:10     | Found a staircase to the Orcish Mines.
 13090 | D:10     | Noticed Joseph
 13128 | D:10     | Killed Joseph
 13322 | D:10     | Reached skill level 10 in Armour
 14330 | D:11     | Killed from afar by a gargoyle

Levels and vault maps discovered:
D:1:      zelgadis_glass_arrival_small, layout_loops_ring
D:2:      layout_basic
D:3:      gammafunk_steamed_eel, layout_loops_ring, overflow_temple_1_default,
          first_ration, chequers_jeans, uniq_ijyb
D:4:      layout_layer_cave, grunt_temple_overflow_open,
          kennysheep_generic_room_7
D:5:      layout_basic, serial_glass, glass_columns_a, glass_columns_a,
          serial_bayou_ford_a, trog_hazing_becter
D:6:      layout_basic
D:7:      layout_loops_ring, lemuel_doored_altar, minmay_temple_entry_grid,
          serial_shops, kennysheep_mini_moat, basic_altar,
          uniq_crazy_yiuf_cottage
D:8:      layout_gridville, erik_lair_orcish_takeover, basic_altar,
          lightli_bailey_entry_fortress
D:9:      layout_basic, basic_altar, uniq_pikel
D:10:     layout_basic, zombieorc1_lemuel, the_bakery,
          small_chamber_with_monster, uniq_joseph
D:11:     layout_long_grid

Skill      XL: |  1  2  3  4  5  6  7  8  9 10 11 |
---------------+----------------------------------+-----
Dodging        | 2 3 5 7 8 |  8.6
Polearms       | 3 4 5 7 8 |  8.9
Armour         | 2 4 5 6 7 9 10 | 10.1
Fighting       | 4 5 7 8 9 |  9.2
Evocations     | 5 |  5.1
Maces & Flails | 4 |  4.1
Bows           | |  1.1
Shields        | |  2.0

Action                   |  1- 3 |  4- 6 |  7- 9 | 10-12 || total
-------------------------+-------+-------+-------+-------++-------
Melee: Spear             |    83 |   205 |   453 |       ||   741
       Kick              |    16 |    55 |   114 |   169 ||   354
       Peck              |     6 |    15 |    72 |    99 ||   192
       Halberd           |       |       |   127 |   392 ||   519
       Whip              |       |       |       |   249 ||   249
Throw: Stone             |       |     1 |       |     6 ||     7
       Javelin           |       |       |     6 |     2 ||     8
 Abil: Fly               |       |     1 |       |       ||     1
  Use: Scroll            |       |     6 |     9 |     7 ||    22
       Potion            |       |       |     3 |       ||     3
 Stab: Sleeping          |     3 |       |       |       ||     3
  Eat: Chunk             |     2 |     5 |    19 |    19 ||    45
Armor: Ring mail         |     9 |       |       |       ||     9
       Robe              |     3 |       |       |       ||     3
       Plate armour      |     8 |    77 |   168 |   295 ||   548
Dodge: Dodged            |    31 |    55 |   275 |   417 ||   778

Table legend:
 A = Non-vault XP
 B = Vault XP
 C = Vault XP percentage of total XP
 D = Non-vault monster count
 E = Vault monster count
 F = Vault count percentage of total count
                 A         B        C        D         E       F
            +---------+---------+-------+---------+---------+-------
      Total |   10441 |    4320 |  29.3 |     240 |      92 |  27.7
            +---------+---------+-------+---------+---------+-------
        D:1 |      34 |       0 |   0.0 |      20 |       0 |   0.0
        D:2 |     136 |       0 |   0.0 |      39 |       0 |   0.0
        D:3 |     288 |      36 |  11.1 |      33 |       1 |   2.9
        D:4 |     303 |       3 |   1.0 |      15 |       1 |   6.2
        D:5 |     672 |       9 |   1.3 |      14 |       6 |  30.0
        D:6 |     579 |       0 |   0.0 |      21 |       0 |   0.0
        D:7 |    1130 |      39 |   3.3 |      15 |       1 |   6.2
        D:8 |    1605 |     727 |  31.2 |      34 |      20 |  37.0
        D:9 |    3149 |     607 |  16.2 |      23 |       1 |   4.2
       D:10 |    2277 |    1674 |  42.4 |      24 |      32 |  57.1
       D:11 |     268 |       0 |   0.0 |       2 |       0 |   0.0
     Bailey |       0 |    1225 | 100.0 |       0 |      30 | 100.0
            +---------+---------+-------+---------+---------+-------
